TOP OF THE 1ST |
Fresno Grizzlies batting - Pitching for Round Rock Express : RHP J.J. Thompson
|
Pitching: RHP J.J. Thompson
|
|
Batting: RHB Ben Hoffman
|
0-0: Called Strike 0-1: Ground out 5-3 (Groundball, 5S, EV 70.0 MPH)
|
Batting: RHB C.J. Sagle
|
0-0: SINGLE (Line Drive, 7LS, EV 113.8 MPH)
|
Batting: LHB Kelvin Jones
|
0-0: Swinging Strike 0-1: Ball 1-1: Ball 2-1: Ball 3-1: Called Strike 3-2: Base on Balls C.J. Sagle to second
|
Batting: RHB Ramon Castellon
|
0-0: Ball 1-0: Ball 2-0: Called Strike 2-1: Ball 3-1: Foul Ball, location: 2F 3-2: Fly out, F8 (Flyball, 89XD, EV 103.8 MPH)
|
Batting: LHB Jimmy Edlin
|
0-0: Ball 1-0: Called Strike 1-1: Ball 2-1: Foul Ball, location: 2F 2-2: Foul Ball, location: 2F 2-2: Ball 3-2: Ground out 1-3 (Groundball, 13S, EV 71.9 MPH)
|
Top of the 1st over - 0 runs, 1 hit, 0 errors, 2 left on base; Fresno 0 - Round Rock 0 |
BOTTOM OF THE 1ST |
Round Rock Express batting - Pitching for Fresno Grizzlies : RHP Andy Harrigan
|
Pitching: RHP Andy Harrigan
|
|
Batting: RHB Casey Semenza
|
0-0: Ball 1-0: Ball 2-0: Ball 3-0: Called Strike 3-1: Called Strike 3-2: Base on Balls
|
Batting: SHB David Simpson
|
0-0: Ball 1-0: Foul Ball, location: 2F 1-1: SINGLE (Groundball, 6D, EV 102.5 MPH) Casey Semenza to second
|
Batting: RHB Kurt Wagner
|
0-0: Ball 1-0: Ball 2-0: Called Strike 2-1: Ball 3-1: Foul Ball, location: 2F 3-2: Base on Balls Casey Semenza to third David Simpson to second
|
Batting: RHB Ivan Colon
|
0-0: Ball 1-0: Foul Ball, location: 2F 1-1: Swinging Strike 1-2: Strikes out swinging
|
Batting: RHB Stephen Charbonneau
|
0-0: Ball 1-0: Called Strike 1-1: Ball 2-1: Foul Ball, location: 2F 2-2: Foul Ball, location: 2F 2-2: Foul Ball, location: 2F 2-2: Ball 3-2: Foul Ball, location: 2F 3-2: Foul Ball, location: 2F 3-2: Foul Ball, location: 2F 3-2: Base on Balls Casey Semenza scores David Simpson to third Kurt Wagner to second
|
Batting: RHB Adryão Anto
|
0-0: Fly out, F9 (Flyball, 9D, EV 110.0 MPH) Runner from 3rd tags up, SCORES, no throw by RF Kurt Wagner to third
|
Batting: LHB Lee Gerken
|
0-0: SINGLE (Groundball, P, EV 86.9 MPH) (infield hit) Kurt Wagner scores Stephen Charbonneau to second
|
Batting: RHB Bobby Keithley
|
0-0: Fielders Choice at 2nd, 5-4 (Groundball, 5, EV 101.9 MPH)
|
Bottom of the 1st over - 3 runs, 2 hits, 0 errors, 2 left on base; Fresno 0 - Round Rock 3 |
TOP OF THE 2ND |
Fresno Grizzlies batting - Pitching for Round Rock Express : RHP J.J. Thompson
|
Batting: LHB Bob Dietz
|
0-0: Ball 1-0: Fly out, F7 (Flyball, 7LS, EV 93.1 MPH)
|
Batting: RHB Sam Spohn
|
0-0: Ball 1-0: SINGLE (Line Drive, 3D, EV 97.5 MPH)
|
Batting: RHB Bill Cabrera
|
0-0: Foul Ball, location: 2F 0-1: Foul Ball, location: 2F 0-2: SINGLE (Flyball, 4D, EV 86.2 MPH) Sam Spohn to second
|
Batting: RHB Raul Sanchez
|
0-0: Ball 1-0: Ball 2-0: Fielders Choice at 2nd, 3-6 (Groundball, 34D, EV 105.0 MPH) Sam Spohn to third
|
Batting: RHB Ben Hoffman
|
0-0: SINGLE (Groundball, 56D, EV 105.0 MPH) Sam Spohn scores Raul Sanchez to second
|
Batting: RHB C.J. Sagle
|
0-0: Called Strike 0-1: Ball 1-1: Fly out, F7 (Line Drive, 78M, EV 89.4 MPH)
|
Top of the 2nd over - 1 run, 3 hits, 0 errors, 2 left on base; Fresno 1 - Round Rock 3 |
BOTTOM OF THE 2ND |
Round Rock Express batting - Pitching for Fresno Grizzlies : RHP Andy Harrigan
|
Batting: SHB Alvare Bairro
|
0-0: Ground out U3 (Groundball, 3, EV 103.8 MPH)
|
Batting: RHB Casey Semenza
|
0-0: Ball 1-0: Swinging Strike 1-1: Ground out 5-3 (Groundball, 56S, EV 93.1 MPH)
|
Batting: SHB David Simpson
|
0-0: Ball 1-0: Ball 2-0: Ball 3-0: Base on Balls
|
Batting: RHB Kurt Wagner
|
0-0: Ball 1-0: Ball 2-0: Foul Ball, location: 2F 2-1: Ball 3-1: Fly out, F7 (Flyball, 7D, EV 82.5 MPH)
|
Bottom of the 2nd over - 0 runs, 0 hits, 0 errors, 1 left on base; Fresno 1 - Round Rock 3 |
TOP OF THE 3RD |
Fresno Grizzlies batting - Pitching for Round Rock Express : RHP J.J. Thompson
|
Batting: LHB Kelvin Jones
|
0-0: Called Strike 0-1: Ball 1-1: Foul Ball, location: 2F 1-2: Ground out 6-3 (Groundball, 56, EV 95.0 MPH)
|
Batting: RHB Ramon Castellon
|
0-0: Ball 1-0: Foul Ball, location: 2F 1-1: Ball 2-1: Ball 3-1: Swinging Strike 3-2: Foul Ball, location: 2F 3-2: Strikes out swinging
|
Batting: LHB Jimmy Edlin
|
0-0: Foul Ball, location: 2F 0-1: Ball 1-1: Ground out 6-3 (Groundball, 6M, EV 98.1 MPH)
|
Top of the 3rd over - 0 runs, 0 hits, 0 errors, 0 left on base; Fresno 1 - Round Rock 3 |
BOTTOM OF THE 3RD |
Round Rock Express batting - Pitching for Fresno Grizzlies : RHP Andy Harrigan
|
Batting: RHB Ivan Colon
|
0-0: Called Strike 0-1: Ball 1-1: Called Strike 1-2: Foul Ball, location: 2F 1-2: Ball 2-2: Ball 3-2: Foul Ball, location: 2F 3-2: Ground out 5-3 (Groundball, 56, EV 90.6 MPH)
|
Batting: RHB Stephen Charbonneau
|
0-0: Foul Ball, location: 2F 0-1: Ball 1-1: Fly out, F9 (Line Drive, 9, EV 110.0 MPH)
|
Batting: RHB Adryão Anto
|
0-0: Ball 1-0: Ball 2-0: Called Strike 2-1: Foul Ball, location: 2F 2-2: Ball 3-2: Foul Ball, location: 2F 3-2: Strikes out swinging
|
Bottom of the 3rd over - 0 runs, 0 hits, 0 errors, 0 left on base; Fresno 1 - Round Rock 3 |
TOP OF THE 4TH |
Fresno Grizzlies batting - Pitching for Round Rock Express : RHP J.J. Thompson
|
Batting: LHB Bob Dietz
|
0-0: Ball 1-0: Called Strike 1-1: Ball 2-1: Swinging Strike 2-2: Strikes out swinging
|
Batting: RHB Sam Spohn
|
0-0: Foul Ball, location: 2F 0-1: Reached on error, E5 (Groundball, 56, EV 85.6 MPH)
|
Batting: RHB Bill Cabrera
|
0-0: Ball 1-0: Ball 2-0: Ball 3-0: Called Strike 3-1: Base on Balls Sam Spohn to second
|
Batting: RHB Raul Sanchez
|
0-0: Called Strike 0-1: Called Strike 0-2: Ball 1-2: Strikes out swinging
|
Batting: RHB Ben Hoffman
|
0-0: Called Strike 0-1: Foul Ball, location: 2F 0-2: Ball 1-2: Strikes out swinging
|
Top of the 4th over - 0 runs, 0 hits, 1 error, 2 left on base; Fresno 1 - Round Rock 3 |
BOTTOM OF THE 4TH |
Round Rock Express batting - Pitching for Fresno Grizzlies : RHP Andy Harrigan
|
Batting: LHB Lee Gerken
|
0-0: SINGLE (Line Drive, 34D, EV 95.0 MPH)
|
Batting: RHB Bobby Keithley
|
0-0: Called Strike 0-1: Swinging Strike 0-2: Foul Ball, location: 2F 0-2: Ball 1-2: Fielders Choice at 2nd, 4-6 (Groundball, 13, EV 85.0 MPH)
|
Batting: SHB Alvare Bairro
|
0-0: Foul Ball, location: 2F 0-1: Ball 1-1: Ball 2-1: Ball 3-1: Foul Ball, location: 2F 3-2: Fly out, F5 (Line Drive, 5, EV 67.5 MPH)
|
Batting: RHB Casey Semenza
|
0-0: Foul Ball, location: 2F 0-1: Ball 1-1: Ball 2-1: Ball 3-1: Fielders Choice at 2nd, 6-4 (Groundball, 6, EV 84.4 MPH)
|
Bottom of the 4th over - 0 runs, 1 hit, 0 errors, 1 left on base; Fresno 1 - Round Rock 3 |
TOP OF THE 5TH |
Fresno Grizzlies batting - Pitching for Round Rock Express : RHP J.J. Thompson
|
Batting: RHB C.J. Sagle
|
0-0: Foul Ball, location: 2F 0-1: Ball 1-1: Fly out, F4 (Popup, 34, EV 56.2 MPH)
|
Batting: LHB Kelvin Jones
|
0-0: Foul Ball, location: 2F 0-1: Swinging Strike 0-2: Foul Ball, location: 2F 0-2: Ball 1-2: Ball 2-2: Strikes out swinging
|
Batting: RHB Ramon Castellon
|
0-0: Ball 1-0: Foul Ball, location: 2F 1-1: Foul Ball, location: 2F 1-2: SINGLE (Groundball, 6D, EV 95.6 MPH)
|
Batting: LHB Jimmy Edlin
|
0-0: Ball 1-0: Swinging Strike 1-1: Called Strike 1-2: Ball 2-2: Strikes out swinging
|
Top of the 5th over - 0 runs, 1 hit, 0 errors, 1 left on base; Fresno 1 - Round Rock 3 |
BOTTOM OF THE 5TH |
Round Rock Express batting - Pitching for Fresno Grizzlies : RHP Andy Harrigan
|
Batting: SHB David Simpson
|
0-0: Ball 1-0: Called Strike 1-1: Ball 2-1: Foul Ball, location: 2F 2-2: Foul Ball, location: 2F 2-2: Ball 3-2: Base on Balls
|
Batting: RHB Kurt Wagner
|
0-0: Fielders Choice at 2nd, 6-4 (Groundball, 6, EV 82.5 MPH)
|
Batting: RHB Ivan Colon
|
0-0: Ball 1-0: Called Strike Kurt Wagner steals 2nd base 1-1: Swinging Strike 1-2: 2-RUN HOME RUN (Flyball, 7D, EV 101.9 MPH), Distance : 368 ft
|
Pitching: RHP Alexander Hagan
|
|
Batting: RHB Stephen Charbonneau
|
0-0: Called Strike 0-1: Ball 1-1: Foul Ball, location: 2F 1-2: Ball 2-2: Foul Ball, location: 2F 2-2: Ball 3-2: Ground out 3-1 (Groundball, 34S, EV 78.1 MPH)
|
Batting: RHB Adryão Anto
|
0-0: Foul Ball, location: 2F 0-1: Ground out U3 (Groundball, 34, EV 109.4 MPH)
|
Bottom of the 5th over - 2 runs, 1 hit, 0 errors, 0 left on base; Fresno 1 - Round Rock 5 |
TOP OF THE 6TH |
Fresno Grizzlies batting - Pitching for Round Rock Express : RHP J.J. Thompson
|
Pitching: RHP Hector Bojorquez
|
|
Batting: LHB Bob Dietz
|
0-0: Ball 1-0: Called Strike 1-1: Ball 2-1: Ball 3-1: DOUBLE (Groundball, 3L, EV 103.8 MPH)
|
Batting: RHB Sam Spohn
|
0-0: Called Strike 0-1: Ball 1-1: Ball 2-1: Ball 3-1: Base on Balls
|
Batting: RHB Bill Cabrera
|
0-0: Foul Ball, location: 2F 0-1: Called Strike 0-2: Ball 1-2: Foul Ball, location: 2F 1-2: Strikes out swinging
|
Batting: RHB Raul Sanchez
|
0-0: Called Strike 0-1: Called Strike 0-2: Strikes out looking
|
Batting: RHB Ben Hoffman
|
0-0: Foul Ball, location: 2F 0-1: Foul Ball, location: 2F 0-2: Ball Wild Pitch! Bob Dietz to third Sam Spohn to second 1-2: Strikes out swinging
|
Top of the 6th over - 0 runs, 1 hit, 0 errors, 2 left on base; Fresno 1 - Round Rock 5 |
BOTTOM OF THE 6TH |
Round Rock Express batting - Pitching for Fresno Grizzlies : RHP Alexander Hagan
|
Batting: LHB Lee Gerken
|
0-0: Foul Ball, location: 2F 0-1: Ball 1-1: Fly out, F5 (Popup, 56S, EV 77.5 MPH)
|
Batting: RHB Bobby Keithley
|
0-0: Foul Ball, location: 2F 0-1: Ball 1-1: Ground out 6-3 (Groundball, 6, EV 101.9 MPH)
|
Batting: SHB Alvare Bairro
|
0-0: Ball 1-0: Single, Error in OF, E7, batter to second base (Line Drive, 56D, EV 106.9 MPH)
|
Batting: RHB Casey Semenza
|
0-0: Ball 1-0: Ball 2-0: Ball 3-0: Base on Balls
|
Batting: SHB David Simpson
|
0-0: Ball 1-0: Ball 2-0: Called Strike 2-1: Foul Ball, location: 2F 2-2: DOUBLE (Line Drive, 7LM, EV 107.5 MPH) Alvare Bairro scores Casey Semenza to third Runner from 3rd tries for Home, SAFE, throw by LF to home
|
Batting: RHB Kurt Wagner
|
0-0: SINGLE (Groundball, 4MD, EV 104.4 MPH) David Simpson to third Runner from 3rd tries for Home, throw by CF and OUT! 8-2
|
Bottom of the 6th over - 2 runs, 3 hits, 1 error, 1 left on base; Fresno 1 - Round Rock 7 |
TOP OF THE 7TH |
Fresno Grizzlies batting - Pitching for Round Rock Express : RHP Hector Bojorquez
|
Batting: RHB C.J. Sagle
|
0-0: Called Strike 0-1: Ball 1-1: Called Strike 1-2: Ground out 6-3 (Groundball, 6M, EV 91.2 MPH)
|
Batting: LHB Kelvin Jones
|
0-0: Foul Ball, location: 2F 0-1: Ball 1-1: Foul Ball, location: 2F 1-2: DOUBLE (Groundball, 3L, EV 111.2 MPH)
|
Batting: RHB Ramon Castellon
|
0-0: Foul Ball, location: 2F 0-1: Called Strike 0-2: SINGLE (Groundball, 6S, EV 96.9 MPH) Kelvin Jones to third
|
Batting: LHB Jimmy Edlin
|
0-0: Swinging Strike 0-1: Grounds into double play, 6-4-3 (Groundball, 6, EV 80.0 MPH)
|
Top of the 7th over - 0 runs, 2 hits, 0 errors, 1 left on base; Fresno 1 - Round Rock 7 |
BOTTOM OF THE 7TH |
Round Rock Express batting - Pitching for Fresno Grizzlies : RHP Alexander Hagan
|
Batting: RHB Ivan Colon
|
0-0: Called Strike 0-1: Ball 1-1: Called Strike 1-2: Ball 2-2: Ball 3-2: Base on Balls
|
Batting: RHB Stephen Charbonneau
|
0-0: Ball 1-0: Ball 2-0: Ball 3-0: Called Strike 3-1: Base on Balls Ivan Colon to second
|
Pitching: LHP Mike Cobb
|
|
Batting: RHB Adryão Anto
|
0-0: Called Strike 0-1: Swinging Strike 0-2: Strikes out swinging
|
Batting: LHB Lee Gerken
|
0-0: Ball 1-0: Ball 2-0: Foul Ball, location: 2F 2-1: Foul Ball, location: 2F 2-2: Foul Ball, location: 2F 2-2: Ball 3-2: Base on Balls Ivan Colon to third Stephen Charbonneau to second
|
Batting: RHB Bobby Keithley
|
0-0: Ball 1-0: Foul Ball, location: 2F 1-1: Foul Ball, location: 2F 1-2: Fielders Choice at 2nd, 5-4 (Groundball, 56S, EV 87.5 MPH) Ivan Colon scores Stephen Charbonneau to third
|
Batting: SHB Alvare Bairro
|
0-0: Foul Ball, location: 2F 0-1: Foul Ball, location: 2F 0-2: Strikes out swinging
|
Bottom of the 7th over - 1 run, 0 hits, 0 errors, 2 left on base; Fresno 1 - Round Rock 8 |
TOP OF THE 8TH |
Fresno Grizzlies batting - Pitching for Round Rock Express : RHP Hector Bojorquez
|
Batting: LHB Bob Dietz
|
0-0: Fly out, F9 (Flyball, 9D, EV 92.5 MPH)
|
Batting: RHB Sam Spohn
|
0-0: Ball 1-0: Foul Ball, location: 2F 1-1: Fly out, F3 (Popup, 3SF, EV 78.1 MPH)
|
Batting: RHB Bill Cabrera
|
0-0: Ball 1-0: Called Strike 1-1: SINGLE (Line Drive, 89S, EV 95.6 MPH)
|
Batting: RHB Raul Sanchez
|
0-0: Called Strike 0-1: Ground out 4-3 (Groundball, 34S, EV 89.4 MPH)
|
Top of the 8th over - 0 runs, 1 hit, 0 errors, 1 left on base; Fresno 1 - Round Rock 8 |
BOTTOM OF THE 8TH |
Round Rock Express batting - Pitching for Fresno Grizzlies : LHP Mike Cobb
|
Batting: RHB Casey Semenza
|
0-0: Ball 1-0: Ground out 6-3 (Groundball, 4MS, EV 67.5 MPH)
|
Batting: SHB David Simpson
|
0-0: Ground out 6-3 (Groundball, 56, EV 86.2 MPH)
|
Batting: RHB Kurt Wagner
|
0-0: Ball 1-0: Ground out U3 (Groundball, 34, EV 78.8 MPH)
|
Bottom of the 8th over - 0 runs, 0 hits, 0 errors, 0 left on base; Fresno 1 - Round Rock 8 |
TOP OF THE 9TH |
Fresno Grizzlies batting - Pitching for Round Rock Express : RHP Hector Bojorquez
|
Batting: RHB Ben Hoffman
|
0-0: Ball 1-0: SINGLE (Groundball, 25, EV 66.2 MPH) (infield hit)
|
Batting: RHB C.J. Sagle
|
0-0: Ball 1-0: Ball 2-0: Foul Ball, location: 2F 2-1: Called Strike 2-2: Foul Ball, location: 2F 2-2: Grounds into double play, 6-4-3 (Groundball, 6, EV 77.5 MPH)
|
Batting: LHB Kelvin Jones
|
0-0: Foul Ball, location: 2F 0-1: Swinging Strike 0-2: Foul Ball, location: 2F 0-2: Foul Ball, location: 2F 0-2: Ball 1-2: Foul Ball, location: 2F 1-2: Strikes out looking
|
Top of the 9th over - 0 runs, 1 hit, 0 errors, 0 left on base; Fresno 1 - Round Rock 8 |
|